 Dungeon Crawl Stone Soup version 0.26.1-11-gd32895ea62 (webtiles) character file.

Game seed: 17112042349018210610

249 jlumianski the Caller (level 5, -11/21 HPs)
             Began as a Felid Summoner on May 3, 2021.
             Was a Follower of Dithmenos.
             Mangled by Pikel
             ... wielding a +2 whip of electrocution
              (18 damage)
             ... on level 4 of the Dungeon on May 4, 2021.
             The game lasted 01:21:54 (10992 turns).

jlumianski the Caller (Felid Summoner)             Turns: 10992, Time: 01:21:54

Health: -11/21     AC:  2    Str:  4    XL:     5   Next: 87%
Magic:  9/12       EV: 19    Int: 19    God:    Dithmenos [*.....]
Gold:   225        SH:  0    Dex: 16    Spells: 7/13 levels left
                                        Lives:  0   Deaths: 2

rFire    . . .     SeeInvis +   (weapon unavailable)
rCold    . . .     Faith    .   (shield unavailable)
rNeg     . . .     Spirit   .   (armour unavailable)
rPois    .         Reflect  .   (helmet unavailable)
rElec    .         Harm     .   (cloak unavailable)
rCorr    .         Rampage  .   (gloves unavailable)
Will     .....                  (boots unavailable)
Stlth    ++++......             (no amulet)
HPRegen  0.07/turn              (no ring)
MPRegen  0.13/turn              (no ring)

@: wreathed by umbra, quick
A: very small, no armour, no weapons or thrown items, stealth, claws 1, fangs 3,
see invisible, speed 1, shaggy fur 2, sharp paws
a: Renounce Religion


You were on level 4 of the Dungeon.
You worshipped Dithmenos.
Dithmenos was aware of your devotion.
You visited 1 branch of the dungeon, and saw 5 of its levels.

You collected 225 gold pieces.

Inventory:

Jewellery
 f - an uncursed ring of ice
 g - an uncursed ring of fire
 q - an uncursed amulet of the acrobat
Wands
 j - a wand of flame (8)
 m - a wand of polymorph (7)
 r - a wand of disintegration (9)
Scrolls
 a - a scroll of blinking {unknown}
 b - 5 scrolls of remove curse
 d - a scroll of teleportation {unknown}
 h - 2 scrolls of enchant armour
 o - a scroll of random uselessness {unknown}
 p - a scroll of enchant weapon {unknown}
 t - 2 scrolls of identify {unknown}
Potions
 c - 3 potions of lignification
 e - a potion of brilliance
 i - a potion of might {unknown}
 k - a potion of mutation {unknown}
 l - a potion of haste
 n - 5 potions of flight
 u - a potion of degeneration {unknown}


   Skills:
 + Level 4.3 Dodging
 * Level 5.7 Stealth
 - Level 0.1 Unarmed Combat
 * Level 4.6 Spellcasting
 * Level 6.0 Summonings
 + Level 2.0 Evocations


You had 7 spell levels left.
You knew the following spells:

 Your Spells              Type           Power        Failure   Level
a - Summon Small Mammal   Summ           100%         1%          1
b - Call Imp              Summ           27%          1%          2
c - Call Canine Familiar  Summ           27%          3%          3

Your spell library contained the following spells:

 Spells                   Type           Power        Failure   Level
 Summon Guardian Golem    Hex/Summ       15%          11%         3
 Summon Ice Beast         Ice/Summ       15%          36%         4
 Summon Lightning Spire   Summ/Air       15%          36%         4


Dungeon Overview and Level Annotations

Branches:
Dungeon (5/15)
 Temple: D:4-7

Altars:
Ashenzari
Dithmenos
Uskayaw
Wu Jian

Annotations:
D:4 Pikel
D:5 Eustachio


Innate Abilities, Weirdness & Mutations

You cannot wear armour.
You are incapable of wielding weapons or throwing items.
Your paws allow you to move quietly. (Stealth)
You have sharp claws.
You have razor-sharp teeth.
You have supernaturally acute eyesight. (SInv)
You cover ground quickly.
You are covered in thick fur. (AC +2)
Your sharp claws are effective at attacking unaware monsters.


Message History

The bullfrog hits you. The bullfrog barely misses you.
Casting: Call Imp (safe; 1% risk of failure)
Confirm with . or Enter, or press ? or * to list all spells.
The spell is quite dangerous to cast (3% risk of failure)!
Continue anyway?
Pikel shouts!
You hear a shout!
The bullfrog closely misses you.
Pikel says, "Dispater doesn't talk much, but I know they dig me."
The bullfrog completely misses you.
Your hound bites Pikel but does no damage.
Pikel hits your hound with a +2 whip of electrocution.
Lightning courses through your hound!
Your hound barely misses Pikel.
The lemure hits your hound!
Your hound dies!
Your hound's corpse disappears in a puff of smoke!
The bullfrog misses you.
Pikel hits you with a +2 whip of electrocution!
You are electrocuted!!
Ouch! That really hurt!
You die...

#.###.########.# #.# ##
#.##........##.# #.######
#.##........##.###......#
#.##........##.#......#.#
#.##...........#.####.#.#
#.##........####.####.#.#
#.##........# #....#.#.#
#.##..5K..B.#########.#.#
#......F@.....###########
#############.#..........
#........# #.#..#...#...
#.######.# #.#_.........
#.# #.# #.#..#...#... #.#
#.####.#.......... #.#
#......########### #.#
######## #.#


You could see Pikel, a lemure, a bullfrog and a worker ant (wandering).

Vanquished Creatures
  Sigmund (D:4)
  A black bear (D:4)
  A howler monkey (D:4)
  Terence (D:1)
  A white imp (D:5)
  A dart slug (D:2)
  2 giant cockroaches
  A hobgoblin (D:1)
  A bat (D:2)
  2 goblins (D:2)
  A kobold (D:1)
  4 rats
17 creatures vanquished.

Vanquished Creatures (collateral kills)
  Duvessa (D:4)
  3 lemures (D:5)
  A scorpion (D:4)
  Dowan (D:5)
  A nameless horror (D:5)
  2 hounds
  4 orc priests
  An iguana (D:5)
  Ijyb (D:3)
  4 orc wizards
  Natasha (thrice) (D:2)
  3 worker ants
  A hound skeleton (D:5)
  11 gnolls
  6 adders
  An ooze (D:2)
  An adder skeleton (D:4)
  2 worms
  2 dart slugs
  3 leopard geckos
  18 orcs
  3 bats
  3 goblins
  7 hobgoblins
  2 jackals (D:2)
  2 quokkas (D:4)
  2 ball pythons
  4 frilled lizards
  8 kobolds
  4 rats
105 creatures vanquished.

Grand Total: 122 creatures vanquished

Notes
Turn   | Place    | Note
-------+----------+-------------------------------------------
     0 | D:1      | jlumianski the Felid Summoner began the quest for the Orb.
     0 | D:1      | Reached XP level 1. HP: 7/7 MP: 4/4
   439 | D:1      | Reached XP level 2. HP: 11/11 MP: 3/6
   624 | D:1      | Learned a level 2 spell: Call Imp
  1008 | D:2      | Noticed Terence
  1046 | D:2      | Found a hide-covered altar of Uskayaw.
  1046 | D:2      | Noticed a +0 hand axe
  1046 | D:2      | Noticed a +0 hand axe
  1151 | D:1      | Reached XP level 3. HP: 4/14 MP: 1/8
  1752 | D:1      | Killed Terence
  1999 | D:2      | Noticed Natasha
  2019 | D:2      | Killed Natasha
  2020 | D:2      | Reached skill level 5 in Summonings
  2553 | D:2      | Reached XP level 4. HP: 18/18 MP: 5/9
  3205 | D:2      | Noticed Natasha
  3236 | D:2      | Killed Natasha
  3416 | D:2      | Noticed Natasha
  3428 | D:2      | Killed Natasha
  4232 | D:2      | Reached XP level 5. HP: 21/21 MP: 6/10
  4236 | D:2      | Learned a level 3 spell: Call Canine Familiar
  4279 | D:4      | Noticed Ijyb
  4330 | D:3      | Killed Ijyb
  5016 | D:3      | Found a shadowy altar of Dithmenos.
  5026 | D:3      | Became a worshipper of Dithmenos the Shadowed
  6356 | D:4      | Noticed a black bear
  6445 | D:4      | Killed a black bear
  6446 | D:4      | Gained mutation: You are covered in thick fur. (AC +2)
                  | [Felid growth]
  6446 | D:4      | Reached XP level 6. HP: 19/24 MP: 2/12
  6520 | D:4      | Noticed Sigmund
  6746 | D:4      | Killed Sigmund
  6747 | D:4      | Reached skill level 1 in Evocations
  7187 | D:4      | Found an ornate altar of the Wu Jian Council.
  7326 | D:4      | Reached * piety under Dithmenos
  8003 | D:5      | Entered Level 5 of the Dungeon
  8010 | D:5      | Noticed Dowan
  8012 | D:5      | Noticed Duvessa
  8085 | D:4      | Reached skill level 5 in Stealth
  8238 | D:4      | Reached XP level 7. HP: 27/27 MP: 11/14
  9016 | D:5      | Found a broken altar of Ashenzari.
  9157 | D:5      | Noticed Pikel
  9405 | D:4      | Slain by a lemure
  9406 | D:4      | Reached XP level 6. HP: 0/24 MP: 7/13
 10456 | D:4      | Mangled by an iguana
 10457 | D:4      | Reached XP level 5. HP: -12/21 MP: 11/12
 10555 | D:5      | Killed Dowan
 10556 | D:5      | Reached skill level 6 in Summonings
 10656 | D:4      | Killed Duvessa
 10771 | D:5      | Killed a nameless horror
 10850 | D:5      | Noticed Eustachio
 10992 | D:4      | Mangled by Pikel

Illustrated notes

Levels and vault maps discovered:
D:1:      dpeg_arrival_ratfight, layout_loops_ring, minmay_nonomino_d4
D:2:      layout_basic, dancing_weapons_uskayaw, uniq_terence, uniq_natasha
D:3:      layout_rooms, nicolae_dithmenos_shadow_blocks,
          kennysheep_generic_room_3
D:4:      layout_basic, lemuel_coloured_pillars_altar, uniq_sigmund, uniq_ijyb
D:5:      layout_basic, serial_shops, shop_fountains, ashenzari_altar_1,
          uniq_duvessa, uniq_eustachio, uniq_pikel

Skill      XL: |  1  2  3  4  5  6 |
---------------+-------------------+-----
Summonings     | 5 6 |  6.0
Stealth        | 3 4 5 |  5.7
Dodging        | 3 4 |  4.3
Spellcasting   | 3 4 |  4.6
Evocations     | 2 1 |  2.0
Unarmed Combat | |  0.1

Action                   |  1- 3 |  4- 6 |  7- 9 || total
-------------------------+-------+-------+-------++-------
Melee: Unarmed           |    30 |    54 |    18 ||   102
       Bite              |     1 |     7 |     3 ||    11
 Cast: Summon Small Mamm |    39 |     8 |     2 ||    49
       Call Imp          |    24 |   157 |    27 ||   208
       Call Canine Famil |       |    19 |     4 ||    23
Evoke: Wand              |       |     9 |     1 ||    10
  Use: Scroll            |     1 |     1 |       ||     2
       Potion            |       |     4 |     1 ||     5
 Stab: Sleeping          |     3 |     8 |       ||    11
       Distracted        |       |     1 |       ||     1
Armor: Skin              |     6 |     3 |     3 ||    12
Dodge: Dodged            |    79 |   101 |    30 ||   210
